 Dungeon Crawl Stone Soup version 0.30-a0-360-g447f08457e (webtiles) character file.

Game seed: 18161183464250975548

50446 KennySheep the Destroyer (level 13, 0/101 HPs)
             Began as a Demigod Conjurer on Nov 12, 2022.
             Shot with an arrow by Nessos (13 damage)
             ... on level 5 of the Lair of Beasts on Nov 13, 2022.
             The game lasted 01:43:23 (20477 turns).

KennySheep the Destroyer (Demigod Conjurer)        Turns: 20477, Time: 01:43:24

Health: 0/101      AC: 16    Str:  8    XL:     13   Next: 85%
Magic:  23/28      EV: 11    Int: 36    God:
Gold:   663        SH:  0    Dex: 15    Spells: 0/26 levels left

rFire   . . .      SeeInvis +    a - staff of conjuration
rCold   . . .      Faith    .    (no shield)
rNeg    + . .      Spirit   .    C - +4 ring mail "Tyrghym" {Regen+ Dex+3 SInv}
rPois   .          Reflect  .    N - +2 helmet {SInv}
rElec   .          Harm     .    F - +0 cloak
rCorr   .          Rampage  .    (no gloves)
Will    +....                    g - +2 pair of boots
Stlth   +.........               e - amulet of magic regeneration
HPRegen 1.16/turn                w - ring of positive energy
MPRegen 0.61/turn                (no ring)

@: lethally poisoned (0 -> -28)
A: high MP 1, forlorn, divine attributes
a: no special abilities


You were on level 5 of the Lair of Beasts.
You visited 3 branches of the dungeon, and saw 19 of its levels.
You also visited: Bailey.

You collected 1527 gold pieces.
You spent 864 gold pieces at shops.

Inventory:

Hand Weapons
 b - the +6 shillelagh "Devastator" {shatter}
   (You found it on level 11 of the Dungeon)

   It releases a powerful concussive burst when it strikes, dealing extra damage
   to the target and all other foes adjacent to them.
Missiles
 S - 2 throwing nets
Armour
 g - a +2 pair of boots (worn)
 A - a +0 buckler
 C - the +4 ring mail "Tyrghym" (worn) {Regen+ Dex+3 SInv}
   (You found it on level 7 of the Dungeon)

   Dex:       It affects your dexterity (+3).
   SInv:      It lets you see invisible.
   Regen:     It increases your rate of health regeneration.
 F - a +0 cloak (worn)
 I - the +4 leather armour of the Good {rElec rF+ Will+ SInv}
   (You found it on level 12 of the Dungeon)

   rF:        It protects you from fire.
   rElec:     It insulates you from electricity.
   SInv:      It lets you see invisible.
   Will:      It increases your willpower.
 N - a +2 helmet of see invisible (worn)
Magical Staves
 a - a staff of conjuration (weapon)
Jewellery
 e - an amulet of magic regeneration (around neck)
 f - a ring of fire
 w - a ring of positive energy (left hand)
 y - an amulet of the acrobat
 T - a ring of poison resistance
 U - a ring of fire
Wands
 p - a wand of quicksilver (6)
 v - a wand of digging (1)
 x - a wand of flame (11)
 B - a wand of polymorph (8)
 D - a wand of iceblast (34)
 G - a wand of charming (12)
Scrolls
 d - 4 scrolls of noise
 h - a scroll of torment
 j - a scroll of butterflies
 k - 3 scrolls of vulnerability
 l - 2 scrolls of silence
 m - 4 scrolls of identify
 n - 4 scrolls of blinking
 q - a scroll of enchant armour
 r - 3 scrolls of amnesia
 t - 3 scrolls of brand weapon
 u - a scroll of fear
 E - 2 scrolls of poison
 O - a scroll of summoning
 P - 4 scrolls of magic mapping
 Q - 10 scrolls of teleportation
 R - 4 scrolls of enchant weapon
Potions
 c - a potion of curing
 i - 4 potions of cancellation
 o - 2 potions of might
 s - 4 potions of lignification
 z - 4 potions of brilliance
 H - 3 potions of attraction
 J - 3 potions of mutation
 K - a potion of invisibility
 L - 5 potions of haste
 M - 4 potions of heal wounds
 V - a potion of degeneration


   Skills:
 + Level 5.6 Fighting
 + Level 9.0 Staves
 + Level 2.5 Armour
 + Level 3.1 Dodging
 - Level 1.7 Stealth
 + Level 7.2 Spellcasting
 * Level 10.3 Conjurations
 - Level 8.0 Translocations
 * Level 10.0 Air Magic
 - Level 10.0 Evocations


You couldn't memorise any spells.
You knew the following spells:

 Your Spells              Type           Power      Damage    Failure   Level
a - Magic Dart            Conj           100%       1d8       1%          1
b - Searing Ray           Conj           100%       2d8       1%          2
c - Iskenderun's Mystic   Conj/Tloc      87%        2d17      1%          4
d - Passage of Golubria   Tloc           63%        N/A       3%          4
e - Vhi's Electric Charg  Tloc/Air       100%       N/A       1%          3
f - Lightning Bolt        Conj/Air       46%        1d66      3%          5
g - Blink                 Tloc           100%       N/A       1%          2
h - Arcjolt               Conj/Air       46%        1d56      3%          5

Your spell library contained the following spells:

 Spells                   Type           Power      Damage    Failure   Level
 Shock                    Conj/Air       100%       1d9       1%          1
 Poisonous Vapours        Pois/Air       98%        N/A       1%          2
 Static Discharge         Conj/Air       100%       2-7/arc   1%          2
 Mephitic Cloud           Conj/Pois/Air  75%        N/A       1%          3
 Swiftness                Air            71%        N/A       1%          3
 Airstrike                Air            35%        2d(6-22)  1%          4
 Cigotuvi's Dreadful Rot  Necr/Pois/Air  74%        N/A       3%          2
 Dazzling Flash           Conj/Hex       100%       N/A       3%          3
 Stone Arrow              Conj/Erth      100%       3d13      3%          3
 Manifold Assault         Tloc           63%        N/A       3%          4
 Necrotise                Necr           48%        1d6       9%          1
 Sandblast                Erth           24%        2d8       9%          1
 Fulminant Prism          Conj/Hex       33%        3d15      11%         4
 Summon Lightning Spire   Summ/Air       49%        N/A       11%         4
 Ensorcelled Hibernation  Hex/Ice        24%        N/A       14%         2
 Passwall                 Tmut/Erth      10%        N/A       14%         2
 Tukima's Dance           Hex            12%        N/A       26%         3
 Vampiric Draining        Necr           12%        2d6       26%         3
 Agony                    Necr           12%        N/A       94%         5
 Yara's Violent Unravell  Hex/Tmut       6%         3d5       94%         5
 Storm Form               Tmut/Air       24%        N/A       100%        7
 Maxwell's Capacitive Co  Air            35%        ∞         100%        8


Dungeon Overview and Level Annotations

Branches:
Dungeon (12/15)            Temple (0/1) D:6            Lair (5/5) D:8
  Swamp (0/4) Lair:3       Spider (0/4) Lair:3          Orc (2/2) D:9
    Elf (0/3) Orc:2        Bailey (visited)
  Slime: Lair:4-5

Shops:
D:8 [   Orc:2 ?*[(*

Annotations:
Lair:3 3 runed translucent doors, Tollund's ghost, journeyman GnWr
Lair:4 Rupert
Lair:5 Nessos


Innate Abilities, Weirdness & Mutations

You have an increased reservoir of magic. (+10% MP)
You shall have no god before yourself.
Your divine heritage dramatically boosts your attributes as you level up.


Message History

D - a wand of iceblast (34) (gained 5 charges)
Found a scale mail.
You see here a +0 scale mail.
There is an open door here.
Nessos shouts!
Nessos wields a +1 longbow of flaming.
It bursts into flame!
Nessos shoots an arrow.
The arrow hits you. The arrow burns you.
You are poisoned.
Nessos is nearby!
Nessos is nearby!
You feel sick.
Nessos drinks a potion.
Nessos seems to speed up.
You feel sick.
Nessos shoots an arrow.
The arrow hits you! The arrow burns you.
Nessos shoots an arrow.
The arrow hits you! The arrow burns you.
You are more poisoned.
You feel very sick.
Casting: Iskenderun's Mystic Blast (mildly dangerous; 1% risk of failure)
Confirm with . or Enter, or press ? or * to list all spells.
Okay, then.
Casting: Iskenderun's Mystic Blast (mildly dangerous; 1% risk of failure)
Confirm with . or Enter, or press ? or * to list all spells.
Aiming: Lightning Bolt (dangerous; 3% risk of failure)
Press: ? - help, Shift-Dir - straight line
Okay, then.
You feel sick.
Nessos shoots an arrow.
The arrow hits you. The arrow burns you.
You are more poisoned.
Casting: Lightning Bolt (dangerous; 3% risk of failure)
Confirm with . or Enter, or press ? or * to list all spells.
Aiming: Lightning Bolt (dangerous; 3% risk of failure)
Press: ? - help, Shift-Dir - straight line You feel a surge of power!
The bolt of lightning misses Nessos. x2
You feel very sick.
Nessos shoots an arrow.
The arrow hits you! The arrow burns you.
You are more poisoned.
Nessos shoots an arrow.
The arrow hits you!
* * * LOW HITPOINT WARNING * * *
The arrow burns you.
You are lethally poisoned!
* * * LOW HITPOINT WARNING * * *
Nessos shoots an arrow.
The arrow hits you!
You die...

#.....................
##....................
#.....#.#............
#...#####............
##..########..........
#...#....##.......(...
#....#....#...†.†.(...
#...P.....#.[.....(...
#....@...###....†.....
##c.###.#.#...........
#...#######..........
##.P..###P##........†.
##.c.......P...........
#.#.........P..........
##.....................
#......................
#P....###........#.#+..


You could see Nessos (fast).

Vanquished Creatures
  An orc warlord (Orc:2)
  An ettin (Orc:1)
  Josephine (D:10)
  3 hydras
  A death yak (D:8)
  4 two-headed ogres
  4 boulder beetles
  Urug (Lair:4)
  An orc high priest (Orc:2)
  A skeletal warrior (D:12)
  A fire crab (Lair:5)
  A wizard (D:10)
  A lindwurm (Lair:2)
  An orc knight (Bailey)
  An orc sorcerer (Orc:2)
  A manticore (D:11)
  2 cyclopes
  2 black mambas (Lair:2)
  3 gargoyles
  A torpor snail (Lair:5)
  9 cane toads
  4 rime drakes
  3 komodo dragons
  A kobold demonologist (D:11)
  3 trolls
  A polar bear (Lair:1)
  A hornet (D:8)
  A tarantella (Lair:3)
  Prince Ribbit (D:9)
  26 blink frogs
  Grinder (D:5)
  2 slime creatures (D:5)
  A shadow (D:12)
  A wyvern (D:10)
  5 wraiths
  27 yaks
  4 vampire mosquitoes (Lair:3)
  3 basilisks
  3 steam dragons
  6 water moccasins
  2 wargs (Orc:2)
  2 hell hounds (Lair:5)
  5 sky beasts
  3 black bears
  32 orc warriors
  5 ogres
  11 wolves
  5 centaurs
  4 kobold brigands
  2 phantoms
  A gnoll sergeant (D:7)
  A scorpion (D:6)
  12 bullfrogs
  3 wights (D:6)
  6 killer bees (D:11)
  4 howler monkeys
  2 electric eels (D:8)
  9 jellies
  5 hounds
  21 orc priests
  20 orc wizards
  17 gnolls
  6 adders
  A shadow imp (D:7)
  2 white imps
  An ufetubus (D:7)
  3 worms
  A dart slug (D:1)
  The ghost of Grindom the Stinger, a weakling FeVM (D:3)
  101 orcs
  8 ball pythons
  3 bats
  8 endoplasms
  5 giant cockroaches
  7 goblins (D:1)
  6 hobgoblins
  2 jackals (D:1)
  17 kobolds
  4 quokkas
  5 frilled lizards
  5 rats
493 creatures vanquished.

Vanquished Creatures (collateral kills)
  A troll (Orc:1)
  2 ogres (Orc:1)
3 creatures vanquished.

Vanquished Creatures (others)
  33 fungi
  34 plants
  10 toadstools (D:5)
77 creatures vanquished.

Grand Total: 573 creatures vanquished

Notes
Turn   | Place    | Note
-------+----------+-------------------------------------------
     0 | D:1      | KennySheep the Demigod Conjurer began the quest for the
                  | Orb.
     0 | D:1      | Reached XP level 1. HP: 14/14 MP: 5/5
   178 | D:1      | Reached XP level 2. HP: 20/20 MP: 5/7
   234 | D:1      | Reached skill level 1 in Translocations
   744 | D:1      | Reached XP level 3. HP: 26/26 MP: 1/8
  1119 | D:2      | Learned a level 2 spell: Searing Ray
  2117 | D:3      | Identified the +12 trident of Starshine {vorpal, *Noise
                  | rElec rC+++ Will+}
  2134 | D:3      | Reached XP level 4. HP: 33/33 MP: 2/10
  2470 | D:3      | Found a runed translucent door.
  2473 | D:3      | Noticed a sky beast
  2473 | D:3      | Noticed Grindom's ghost (weakling FeVM)
  3149 | D:4      | Reached XP level 5. HP: 38/38 MP: 8/11
  3479 | D:4      | Reached skill level 1 in Evocations
  3625 | D:5      | Entered Level 5 of the Dungeon
  3775 | D:5      | Learned a level 4 spell: Iskenderun's Mystic Blast
  3890 | D:5      | Noticed Grinder
  3894 | D:5      | Paralysed by Grinder for 4 turns
  3900 | D:5      | Killed Grinder
  3901 | D:5      | Reached skill level 5 in Conjurations
  3901 | D:5      | Reached XP level 6. HP: 39/45 MP: 4/13
  4000 | D:5      | Reached XP level 7. HP: 37/50 MP: 0/14
  4167 | D:5      | Noticed a slime creature
  4167 | D:5      | Noticed a slime creature
  5320 | D:6      | Reached skill level 5 in Translocations
  5437 | D:6      | Reached XP level 8. HP: 57/57 MP: 12/17
  5609 | D:6      | Learned a level 4 spell: Passage of Golubria
  5613 | D:6      | Learned a level 3 spell: Vhi's Electric Charge
  5902 | D:6      | Found a staircase to the Ecumenical Temple.
  6802 | D:3      | Killed Grindom's ghost
  7145 | D:5      | Killed a slime creature
  7146 | D:5      | Reached XP level 9. HP: 62/62 MP: 6/19
  7809 | D:7      | Identified the +4 ring mail "Tyrghym" {Regen+ Dex+3 SInv}
  8356 | D:8      | Reached skill level 1 in Fighting
  8356 | D:8      | Reached skill level 5 in Spellcasting
  8486 | D:8      | Reached skill level 1 in Armour
  8571 | D:8      | Noticed a death yak
  8573 | D:8      | Noticed a death yak
  8575 | D:8      | Noticed a death yak
  8584 | D:8      | Killed a death yak
  8585 | D:8      | Reached XP level 10. HP: 53/73 MP: 12/21
  8588 | D:8      | Reached skill level 5 in Evocations
  8733 | D:8      | Found Fucel's Armour Boutique.
  8767 | D:8      | Found a staircase to the Lair.
  8954 | D:8      | Found a flagged portal.
  8981 | Bailey   | Entered a bailey
  9523 | Bailey   | Noticed an orc knight
  9580 | Bailey   | Killed an orc knight
  9753 | Bailey   | Reached XP level 11. HP: 80/80 MP: 23/23
 10177 | D:9      | Noticed Prince Ribbit
 10185 | D:9      | Killed Prince Ribbit
 10186 | D:9      | Reached skill level 1 in Staves
 10186 | D:9      | Reached skill level 10 in Evocations
 10511 | D:9      | Learned a level 5 spell: Lightning Bolt
 10637 | D:9      | You fall into a shaft and drop 1 floor!
 10637 | D:10     | Entered Level 10 of the Dungeon
 10649 | D:10     | Noticed a two-headed ogre
 10649 | D:10     | Noticed a wizard
 10846 | D:9      | Found a staircase to the Orcish Mines.
 11002 | D:9      | Reached skill level 1 in Air Magic
 11643 | Orc:1    | Entered Level 1 of the Orcish Mines
 12007 | Orc:2    | Entered Level 2 of the Orcish Mines
 12008 | Orc:2    | Found a staircase to the Elven Halls.
 12130 | Orc:1    | Noticed an ettin
 12256 | Orc:1    | Killed an ettin
 12623 | Orc:2    | Noticed an orc high priest
 13264 | Orc:2    | Killed an orc high priest
 13265 | Orc:2    | Reached skill level 5 in Staves
 13532 | Orc:2    | Found Iniqio's Assorted Antiques.
 13540 | Orc:2    | Bought a scroll labelled CYRASU RAINUYQ for 32 gold pieces
 13939 | Orc:2    | Reached XP level 12. HP: 81/88 MP: 12/24
 13943 | Orc:2    | Reached skill level 5 in Air Magic
 14172 | Orc:2    | Found Axudimp's Assorted Antiques.
 14187 | Orc:2    | Bought a scroll of teleportation for 120 gold pieces
 14301 | Orc:2    | Noticed an orc warlord
 14309 | Orc:2    | Found Tueteq's Antique Weapon Shoppe.
 14411 | Orc:2    | Found Wurea's Magic Scroll Emporium.
 14787 | Orc:2    | Found Vemy's Antique Armour Emporium.
 14803 | Orc:2    | Killed an orc warlord
 14998 | Orc:2    | Bought a runed helmet for 240 gold pieces
 14998 | Orc:2    | Bought a potion of heal wounds for 160 gold pieces
 15049 | Orc:2    | Bought a scroll of blinking for 90 gold pieces
 15049 | Orc:2    | Bought a scroll of magic mapping for 90 gold pieces
 15049 | Orc:2    | Bought 3 scrolls of teleportation for 108 gold pieces
 15049 | Orc:2    | Bought a scroll of identify for 24 gold pieces
 15136 | Lair:1   | Entered Level 1 of the Lair of Beasts
 16589 | Lair:2   | Identified the +5 quarterstaff of Intimidation {antimagic,
                  | rPois rC+ Stlth-}
 17201 | Lair:3   | Found a staircase to the Swamp.
 17276 | Lair:3   | Found a runed translucent gate.
 17276 | Lair:3   | Found a runed translucent gate.
 17276 | Lair:3   | Found a runed translucent gate.
 17333 | Lair:3   | Found a hole to the Spider Nest.
 17374 | Lair:3   | Noticed an eight-headed hydra
 17385 | Lair:3   | Killed an eight-headed hydra
 17615 | Lair:3   | Noticed Tollund's ghost (journeyman GnWr)
 17647 | Lair:4   | Reached XP level 13. HP: 91/96 MP: 21/26
 17657 | Lair:4   | Noticed Urug
 17663 | Lair:4   | Killed Urug
 17732 | Lair:4   | Noticed Rupert
 17736 | Lair:4   | Paralysed by Rupert for 5 turns
 18082 | D:10     | Noticed Josephine
 18092 | D:10     | Killed Josephine
 18182 | D:10     | Learned a level 2 spell: Blink
 18408 | D:11     | Identified the +11 quarterstaff "Q" {antimagic, rElec
                  | Stlth+}
 18522 | D:11     | Found the +6 shillelagh "Devastator" {shatter}
 18598 | D:11     | Reached skill level 10 in Conjurations
 18710 | D:11     | Reached skill level 5 in Fighting
 19033 | D:12     | Identified the +4 leather armour of the Good {rElec rF+
                  | Will+ SInv}
 19452 | Lair:5   | Entered Level 5 of the Lair of Beasts
 19582 | Lair:5   | Learned a level 5 spell: Arcjolt
 19910 | Lair:5   | Reached skill level 10 in Air Magic
 19995 | Lair:5   | Noticed Nessos
 20175 | Lair:5   | Upgraded the game from 0.30-a0-359-gd0147acb1a to
                  | 0.30-a0-360-g447f08457e
 20477 | Lair:5   | Shot with an arrow by Nessos

Illustrated notes

Levels and vault maps discovered:
D:1:      dpeg_arrival_windows_large_door, layout_rooms, minmay_statues_item,
          chequers_mini_garden, hangedman_glass_teeth
D:2:      layout_basic, glass_columns_b, uniq_sigmund
D:3:      layout_loops_cross, basic_ecumenical_altar, ebering_ghost_inner_flame,
          kennysheep_donut, kennysheep_generic_room_15
D:4:      layout_basic, lemuel_crystal_altar
D:5:      cheibrodos_fertilizer, layout_basic, nicolae_uskayaw_suspiria,
          grunt_decor_junction, uniq_grinder
D:6:      layout_rooms, minmay_temple_entry_hall, nicolae_zen_rock_garden,
          minmay_misc_feat_plants
D:7:      layout_loops_corners, minivault_24, dk_noncrumbling_4
D:8:      layout_loops_ring, dpeg_lair_monsters, enter_bailey_8, serial_shops,
          nicolae_shop_waterfront, hangedman_decor_diamond_cutter,
          serial_bayou_lagoon_a, nrook_mini_vaults
D:9:      layout_grid_maze, orc_0_dummy, uniq_prince_ribbit1
D:10:     layout_rooms, uniq_josephine
D:11:     layout_cave_pools, minmay_tree_intersection,
          dilly_guarded_unrand_devastator
D:12:     layout_basic, serial_rivers, chequers_serial_rivers_small_b,
          chequers_serial_rivers_small_3, chequers_serial_rivers_micro_b,
          chequers_serial_rivers_large_a, chequers_serial_rivers_room_b,
          nicolae_two_hexagons
Lair:1:   layout_loops_ring, st_stairs_3
Lair:2:   layout_regular_city, chequers_serial_rivers_room_a,
          serial_bayou_pond_a
Lair:3:   layout_gridlike, minmay_swamp_entry_swarm, spider_nest_entry_rubble,
          gammafunk_ghost_necromancy
Lair:4:   layout_cave_pods, nicolae_slime_entry_slimehenge, minivault_23,
          fungi_pond_lemuel, nicolae_lair_grazing_beasts
          [nicolae_sub_lair_graze_edge, nicolae_sub_lair_graze_edge,
          nicolae_sub_lair_graze_edge, nicolae_sub_lair_graze_edge], uniq_urug,
          uniq_rupert
Lair:5:   cheibrodos_lair_end_hotspot, layout_regular_city, lemuel_fruit_tree,
          uniq_nessos
Orc:1:    layout_caves, basic_altar
Orc:2:    grunt_orc_community_town_hall, layout_diamond_mine,
          grunt_orc_community_big_house_1, grunt_orc_community_big_house_1,
          grunt_orc_community_house_1, grunt_orc_community_house_3,
          grunt_orc_community_house_1, grunt_orc_community_house_3,
          grunt_orc_community_house_3, grunt_orc_community_house_3,
          serial_shops, nicolae_shop_overgrown_old_shop, basic_altar

Skill      XL: |  1  2  3  4  5  6  7  8  9 10 11 12 13 |
---------------+----------------------------------------+-----
Translocations | 1 2 3 4 5 6 7 8 |  8.0
Spellcasting   | 2 3 4 5 6 7 |  7.2
Conjurations   | 4 5 6 7 8 9 10 | 10.3
Evocations     | 1 2 4 9 10 | 10.0
Dodging        | 2 3 |  3.1
Fighting       | 1 2 3 5 |  5.6
Armour         | 1 2 |  2.5
Staves         | 5 8 9 |  9.0
Air Magic      | 4 8 10 | 10.0
Stealth        | |  1.7

Action                   |  1- 3 |  4- 6 |  7- 9 | 10-12 | 13-15 || total
-------------------------+-------+-------+-------+-------+-------++-------
Melee: Dagger            |     1 |       |       |       |       ||     1
       Trident           |       |    11 |       |       |       ||    11
       Staff             |       |       |    23 |   233 |    72 ||   328
       Shillelagh        |       |       |       |       |     3 ||     3
 Cast: Magic Dart        |   101 |    30 |    52 |       |       ||   183
       Searing Ray       |     2 |    12 |    17 |     1 |       ||    32
       Iskenderun's Myst |       |     1 |    61 |   213 |   117 ||   392
       Lightning Bolt    |       |       |       |       |     8 ||     8
       Blink             |       |       |       |       |     1 ||     1
       Passage of Golubr |       |       |       |       |     1 ||     1
Evoke: Wand              |       |       |       |     8 |     2 ||    10
  Use: Scroll            |       |       |    15 |     7 |     9 ||    31
       Potion            |       |       |     1 |     7 |     6 ||    14
 Stab: Sleeping          |       |       |       |     2 |       ||     2
Armor: Robe              |       |       |     3 |       |       ||     3
       Ring mail         |       |       |     3 |   161 |    71 ||   235
Dodge: Dodged            |     5 |    19 |    66 |   224 |    74 ||   388
Block: Buckler           |       |       |     9 |    59 |     5 ||    73

Table legend: (Time is in decaauts)
 A = Elapsed time spent in this place.
 B = Non-inter-level travel time spent in this place.
 C = Inter-level travel time spent in this place.
 D = Time resting spent in this place.
 E = Time spent auto-exploring this place.
 F = Levels seen in this place.
 G = Mean time per level.
                   A        B        C        D        E       F      G
               +--------+--------+--------+--------+--------+-----+--------+
         Total |  20516 |  19301 |   1215 |   3693 |  11948 |  20 | 1025.8 |
       Dungeon |  12470 |  11613 |    857 |   1588 |   7977 |  12 | 1039.2 |
          Lair |   3849 |   3634 |    215 |    560 |   2386 |   5 |  769.8 |
  Orcish Mines |   3341 |   3198 |    143 |   1016 |   1460 |   2 | 1670.5 |
        Bailey |    854 |    854 |      0 |    529 |    125 |   1 |  854.0 |
               +--------+--------+--------+--------+--------+-----+--------+

Top non-repeatable levels by time:
   Orc:2: 2350 daAuts
     D:5: 1732 daAuts
     D:9: 1718 daAuts
     D:3: 1343 daAuts
     D:7: 1242 daAuts
     D:6: 1222 daAuts
     D:1: 1097 daAuts
  Lair:5: 1024 daAuts
     D:8: 1020 daAuts
     D:4: 1002 daAuts
   Orc:1: 991 daAuts
  Lair:3: 946 daAuts
  Lair:1: 901 daAuts
  Bailey: 854 daAuts
  Lair:2: 842 daAuts
